 Dungeon Crawl Stone Soup version 0.31-a0-840-g6d2ecbb638 (webtiles) character file.

Game seed: 558789228273754460

14164 Essalna the Destroyer (level 12, -1/78 HPs)
             Began as a Gargoyle Fire Elementalist on Sept 26, 2023.
             Slain by a boulder beetle (12 damage)
             ... on level 11 of the Dungeon on Sept 27, 2023.
             The game lasted 00:29:58 (17163 turns).

Essalna the Destroyer (Gargoyle Fire Elementalist) Turns: 17163, Time: 00:29:59

Health: -1/78      AC: 15    Str: 12    XL:     12   Next: 13%
Magic:  18/18      EV: 13    Int: 21    God:
Gold:   770        SH:  0    Dex: 10    Spells: 7/19 levels left

rFire   . . .        n - +3 dagger (venom)
rCold   + . .        (no shield)
rNeg    + . .        t - +1 robe {rC+}
rPois   ∞            p - +1 helmet
rElec   +            (no cloak)
rCorr   .            z - +0 pair of gloves
SInv    .            (no boots)
Will    .....        (no amulet)
Stlth   ++           (no ring)
HPRegen 0.33/turn    (no ring)
MPRegen 0.16/turn

%: no passive effects
@: hasted, very quick
A: sickness immunity, AC +8, negative energy resistance 1, electricity
resistance, torment resistance 1, petrification resistance
a: no special abilities


You were on level 11 of the Dungeon.
You visited 1 branch of the dungeon, and saw 11 of its levels.
You also visited: Sewer, Ossuary and Bailey.

You collected 770 gold pieces.

Inventory:

Hand Weapons
 c - a +1 heavy falchion
 n - a +3 dagger of venom (weapon)
 u - the +11 long sword of Iconoclasm {speed, Str+2 Dex+3 Stlth+}
   (You found it on level 10 of the Dungeon)

   Str+2:     It affects your strength (+2).
   Dex+3:     It affects your dexterity (+3).
   Stlth+:    It makes you more stealthy.
 y - a +0 triple sword of holy wrath
Armour
 a - a +0 robe
 p - a +1 helmet (worn)
 t - a +1 robe of cold resistance (worn)
 z - a +0 pair of gloves (worn)
Wands
 w - a wand of iceblast (9)
 x - a wand of flame (34)
 D - a wand of polymorph (4)
 H - a wand of paralysis (1)
Scrolls
 d - 2 scrolls of immolation
 e - 3 scrolls of teleportation
 j - a scroll of silence
 o - 3 scrolls of blinking
 q - 7 scrolls of identify
 r - 3 scrolls of fear
 s - a scroll of enchant armour
 A - a scroll of brand weapon {unknown}
 B - 4 scrolls of enchant weapon
 C - a scroll of amnesia {unknown}
 F - a scroll of fog {unknown}
 G - 2 scrolls of vulnerability {unknown}
 I - 2 scrolls of revelation
Potions
 b - 3 potions of enlightenment
 f - 5 potions of curing {unknown}
 g - 4 potions of lignification {unknown}
 h - a potion of mutation
 i - a potion of degeneration
 k - 5 potions of haste
 l - 4 potions of brilliance
 m - 2 potions of heal wounds {unknown}
 v - a potion of resistance {unknown}
 E - 2 potions of ambrosia {unknown}
 J - a potion of berserk rage {unknown}


   Skills:
 + Level 10.5 Fighting
 + Level 6.0 Armour
 + Level 4.9 Dodging
 - Level 2.1 Stealth
 - Level 4.0 Spellcasting
 + Level 11.1 Conjurations
 + Level 10.7 Fire Magic


You had 7 spell levels left.
You knew the following spells:

 Your Spells              Type           Power      Damage    Failure   Level
a - Foxfire               Conj/Fire      100%       2x1d9     1%          1
b - Scorch                Fire           98%        2d9       1%          2
c - Flame Wave            Conj/Fire      50%        2d12      1%          4
d - Freezing Cloud        Conj/Ice/Air   9%         6-21      58%         5

Your spell library contained the following spells:

 Spells                   Type           Power      Damage    Failure   Level
 Inner Flame              Hex/Fire       26%        N/A       4%          3
 Volatile Blastmotes      Fire/Tloc      52%        2d14      4%          3
 Ignite Poison            Fire/Tmut/Pois 19%        N/A       9%          3
 Summon Small Mammal      Summ           16%        N/A       12%         1
 Ensorcelled Hibernation  Hex/Ice        8%         N/A       19%         2
 Passwall                 Tmut/Erth      3%         N/A       19%         2
 Call Canine Familiar     Summ           4%         N/A       34%         3
 Summon Guardian Golem    Hex/Summ       4%         N/A       34%         3
 Swiftness                Air            4%         N/A       34%         3
 Animate Armour           Summ/Erth      8%         N/A       75%         4
 Summon Lightning Spire   Summ/Air       4%         N/A       75%         4
 Lee's Rapid Deconstruct  Erth           2%         3d4*      97%         5
 Cigotuvi's Dreadful Rot  Necr/Pois/Air  Unusable   N/A       N/A         2

Dungeon Overview and Level Annotations

Branches:
Dungeon (11/15)            Temple (0/1) D:6            Lair (0/5) D:9
  Sewer (visited)         Ossuary (visited)          Bailey (visited)
    Orc: D:9-12

Altars:
Ashenzari
Dithmenos
Kikubaaqudgha
Xom
The Shining One

Shops:
D:4 :   D:6 (

Annotations:
D:7 2 transporters
D:11 1 transporter, Pixllover's ghost, journeyman GrBe


Innate Abilities, Weirdness & Mutations

You are immune to sickness and miasma.
Your stone body is resilient. (AC +8)
You are immune to poison.
You resist negative energy. (rN+)
You are resistant to electric shocks. (rElec)
You are resistant to unholy torment.
You are immune to petrification.


Message History

Found a sling.
You see here a +0 sling.
A boulder beetle comes into view.
Found a scroll of blinking and a hand axe.
Your +3 dagger of venom begins to drip with poison!
n - a +3 dagger of venom (weapon)
The boulder beetle curls into a ball and begins rolling!
The boulder beetle hits you!!!
Ouch! That really hurt!
The boulder beetle stops rolling and uncurls.
You are too injured to fight recklessly!
You are too injured to fight recklessly!
You hit the boulder beetle.
The boulder beetle is lightly wounded.
The boulder beetle leaps!
The boulder beetle bites you!
Hit: n) +3 dagger (venom)
Press: ? - help, Dir - move target, f - boulder beetle
Aim: a boulder beetle (about 9% to evade your +3 dagger of venom)
You hit the boulder beetle but do no damage.
The boulder beetle is poisoned.
The boulder beetle bites you!
* * * LOW HITPOINT WARNING * * *
Hit: n) +3 dagger (venom)
Press: ? - help, Dir - move target, f/p - boulder beetle
Aim: a boulder beetle (lightly wounded, very poisoned, about 9% to evade your +3 dagger of venom)
You hit the boulder beetle but do no damage.
The boulder beetle looks even sicker.
The boulder beetle is lightly wounded.
The boulder beetle barely misses you.
Hit: n) +3 dagger (venom)
Press: ? - help, Dir - move target, f/p - boulder beetle
Aim: a boulder beetle (lightly wounded, very poisoned, about 9% to evade your +3 dagger of venom)
You hit the boulder beetle but do no damage.
The boulder beetle looks as sick as possible!
The boulder beetle is lightly wounded.
The boulder beetle bites you.
* * * LOW HITPOINT WARNING * * *
It was a potion of haste.
You feel yourself speed up. The boulder beetle bites you!
You die...

#..# ##.#
#.#
#.#######
#..)....#
#####...#
#...#
#.B.#
#@..#
#...#
#...#
.?.)#
#...#
#...#
#####


You could see a boulder beetle (extremely poisoned).

Vanquished Creatures
  3 two-headed ogres (D:10)
  An ugly thing (D:11)
  A komodo dragon (D:9)
  A troll (D:10)
  Sigmund (D:3)
  3 vampires
  2 shadows (D:11)
  3 wyverns (D:9)
  22 yaks
  A steam dragon (D:6)
  Menkaure (D:6)
  An acid dragon (D:10)
  3 water moccasins
  8 orc warriors
  2 ice beasts
  A sky beast (D:8)
  2 black bears
  An ogre (D:4)
  16 centaurs
  2 phantoms
  4 kobold brigands
  6 bullfrogs
  2 gnoll sergeants
  13 wights
  3 killer bees (D:9)
  A howler monkey (D:10)
  An electric eel (D:8)
  A vampire bat (D:4)
  3 centaur zombies
  2 jellies
  2 human zombies (Ossuary)
  2 orc priests
  6 hounds
  Terence (D:3)
  3 iguanas
  Natasha (thrice) (D:4)
  8 orc wizards
  3 hound zombies (Ossuary)
  3 mummies (Ossuary)
  Robin (D:3)
  9 gnolls
  2 river rats (Sewer)
  12 adders
  A white imp (D:7)
  4 adder zombies (Ossuary)
  2 worms (D:5)
  3 dart slugs
  43 orcs
  4 bat skeletons (D:4)
  3 bat zombies (D:4)
  4 endoplasms
  A giant cockroach (D:2)
  19 goblins
  8 hobgoblins
  18 jackals
  23 kobolds
  A quokka (D:5)
  9 ball pythons
  2 bats
  5 frilled lizards
  A goblin zombie (Ossuary)
  7 hobgoblin zombies (Ossuary)
  A jackal zombie (Ossuary)
  3 kobold zombies (Ossuary)
  5 orc zombies (Ossuary)
  9 quokka zombies (Ossuary)
  11 rats
  A rat zombie (Ossuary)
354 creatures vanquished.

Vanquished Creatures (collateral kills)
  8 foxfires
8 creatures vanquished.

Vanquished Creatures (others)
  1638 foxfires
1638 creatures vanquished.

Grand Total: 2000 creatures vanquished

Notes
Turn   | Place    | Note
-------+----------+-------------------------------------------
     0 | D:1      | Essalna the Gargoyle Fire Elementalist began the quest for
                  | the Orb.
     0 | D:1      | Reached XP level 1. HP: 10/10 MP: 3/3
    55 | D:1      | Reached XP level 2. HP: 6/15 MP: 1/5
   948 | D:1      | Reached XP level 3. HP: 19/19 MP: 6/6
   958 | D:1      | Learned a level 2 spell: Scorch
  1093 | D:1      | Reached skill level 2 in Conjurations
  1938 | D:3      | Noticed Terence
  1941 | D:3      | Reached XP level 4. HP: 24/24 MP: 5/8
  1947 | D:3      | Killed Terence
  2074 | D:3      | Reached XP level 5. HP: 6/28 MP: 2/9
  2331 | D:3      | Reached skill level 3 in Conjurations
  2399 | D:3      | Noticed Sigmund
  2408 | D:3      | Killed Sigmund
  2409 | D:3      | Reached XP level 6. HP: 32/32 MP: 1/11
  2737 | D:3      | Noticed Robin
  2978 | D:3      | Killed Robin
  2979 | D:3      | Reached skill level 4 in Conjurations
  3288 | D:4      | Found a sand-covered staircase.
  3295 | Ossuary  | Entered an ossuary
  3501 | Ossuary  | Reached skill level 1 in Fighting
  3630 | Ossuary  | Reached XP level 7. HP: 38/38 MP: 8/13
  3637 | Ossuary  | Reached skill level 5 in Fire Magic
  3728 | Ossuary  | Learned a level 4 spell: Flame Wave
  4572 | D:4      | Found a shimmering altar of Xom.
  4574 | D:4      | Found a shadowy altar of Dithmenos.
  4617 | D:4      | Reached skill level 5 in Conjurations
  4798 | D:4      | Learned a level 5 spell: Freezing Cloud
  4923 | D:4      | Found Kome's Book Shoppe.
  5214 | D:4      | Found an ancient bone altar of Kikubaaqudgha.
  5248 | D:4      | Noticed Natasha
  5255 | D:4      | Killed Natasha
  5401 | D:4      | Noticed Natasha
  5407 | D:4      | Killed Natasha
  5634 | D:4      | Noticed Natasha
  5646 | D:4      | Killed Natasha
  5647 | D:4      | Reached XP level 8. HP: 40/46 MP: 2/14
  5783 | D:5      | Entered Level 5 of the Dungeon
  5843 | D:5      | Found a glowing drain.
  5867 | Sewer    | Entered a sewer
  6905 | D:5      | Reached skill level 6 in Conjurations
  7308 | D:6      | Reached skill level 5 in Fighting
  7503 | D:6      | Found Ruhorud's Antique Weapon Shoppe.
  7553 | D:6      | Noticed Menkaure
  7561 | D:6      | Killed Menkaure
  7596 | D:7      | Reached XP level 9. HP: 54/55 MP: 0/15
  7799 | D:7      | Reached skill level 7 in Conjurations
  8105 | D:7      | Found a transporter.
  8229 | D:6      | Found a staircase to the Ecumenical Temple.
  8686 | D:6      | Reached skill level 8 in Conjurations
  9006 | D:7      | Found a transporter.
 10254 | D:8      | Reached XP level 10. HP: 64/64 MP: 10/16
 10682 | D:8      | Reached skill level 9 in Conjurations
 11669 | D:9      | Found a staircase to the Lair.
 11689 | D:9      | Found a glowing golden altar of the Shining One.
 11781 | D:9      | Reached skill level 1 in Armour
 12337 | D:9      | Found a broken altar of Ashenzari.
 12482 | D:9      | Reached XP level 11. HP: 53/71 MP: 0/17
 12842 | D:10     | Entered Level 10 of the Dungeon
 12850 | D:10     | Noticed a two-headed ogre
 12859 | D:10     | Killed a two-headed ogre
 12860 | D:10     | Reached skill level 10 in Conjurations
 13182 | D:10     | Noticed a two-headed ogre
 13185 | D:10     | Upgraded the game from 0.31-a0-835-g2a3a5bc3be to
                  | 0.31-a0-840-g6d2ecbb638
 13194 | D:10     | Killed a two-headed ogre
 13195 | D:10     | Reached skill level 10 in Fire Magic
 13403 | D:10     | Found a flagged portal.
 13411 | Bailey   | Entered a bailey
 15523 | Bailey   | Reached skill level 5 in Armour
 15609 | Bailey   | Reached skill level 10 in Fighting
 15833 | D:10     | Noticed a two-headed ogre
 15885 | D:10     | Killed a two-headed ogre
 15892 | D:10     | Identified the +11 long sword of Iconoclasm {speed, Str+2
                  | Dex+3 Stlth+}
 16647 | D:11     | Noticed a two-headed ogre
 16647 | D:11     | Noticed a yaktaur captain
 16648 | D:11     | Found a transporter.
 16648 | D:11     | Noticed a two-headed ogre
 16648 | D:11     | Noticed Pixllover's ghost (journeyman GrBe)
 16716 | D:11     | Reached XP level 12. HP: 23/78 MP: 6/18
 16902 | D:11     | Reached skill level 11 in Conjurations
 17153 | D:11     | Noticed a boulder beetle
 17163 | D:11     | Slain by a boulder beetle

Illustrated notes

Levels and vault maps discovered:
D:1:      minmay_arrival_hallway, layout_basic
D:2:      layout_loops_ring
D:3:      layout_basic, uniq_robin, uniq_terence, uniq_sigmund
D:4:      cheibrodos_old_hovel, layout_loops_cross, kennysheep_vampire_church,
          grunt_temple_overflow_open, serial_shops, nicolae_book_shop_shelving,
          lightli_ossuary_entry_decrepit_ruins, uniq_natasha
D:5:      layout_rooms, cheibrodos_sewer_entry_sluice
D:6:      layout_basic, minmay_temple_entry_mist, serial_shops,
          nicolae_shop_statue_plus, uniq_menkaure
D:7:      gammafunk_the_bubble [the_bubble_gammafunk_crates], layout_basic
D:8:      cheibrodos_helix_gallery, layout_loops_corners
D:9:      layout_cave_pods, overflow_temple_1_default, tso_metal_star,
          lair_entry_dummy, minmay_fractal_squares_gapless_5
D:10:     layout_basic, enter_bailey_2, hangedman_glass_teeth,
          minmay_fountain_box
D:11:     layout_rooms, gammafunk_ghost_arena, serial_undead, serial_undead_a,
          serial_undead_a, serial_undead_f, serial_undead_e

Skill      XL: |  1  2  3  4  5  6  7  8  9 10 11 12 |
---------------+-------------------------------------+-----
Conjurations   | 2 3 4 5 6 8 9 10 11 | 11.1
Spellcasting   | 3 4 |  4.0
Fire Magic     | 4 5 7 8 9 10 | 10.7
Fighting       | 1 3 5 7 9 10 | 10.5
Armour         | 3 5 6 |  6.0
Dodging        | 3 4 |  4.9
Stealth        | |  2.1

Action                     |  1- 3 |  4- 6 |  7- 9 | 10-12 || total
---------------------------+-------+-------+-------+-------++-------
  Melee: Unarmed           |    16 |       |       |       ||    16
         Falchion          |    37 |    50 |   175 |       ||   262
         Punch             |       |       |     1 |     2 ||     3
         Dagger            |       |       |     5 |    55 ||    60
         Long sword        |       |       |       |    32 ||    32
   Cast: Foxfire           |    48 |    97 |   335 |   446 ||   926
         Scorch            |       |     4 |    28 |    37 ||    69
         Flame Wave        |       |       |     4 |    21 ||    25
    Use: Potion            |     1 |       |     1 |     2 ||     4
         Scroll            |     2 |     2 |    11 |     2 ||    17
   Stab: Sleeping          |     2 |       |     2 |       ||     4
 Armour: Robe              |    53 |    54 |   242 |   238 ||   587
  Dodge: Dodged            |    60 |    32 |   249 |   167 ||   508

Table legend: (Time is in decaauts)
 A = Elapsed time spent in this place.
 B = Non-inter-level travel time spent in this place.
 C = Inter-level travel time spent in this place.
 D = Time resting spent in this place.
 E = Time spent auto-exploring this place.
 F = Levels seen in this place.
 G = Mean time per level.
                   A        B        C        D        E       F      G
               +--------+--------+--------+--------+--------+-----+--------+
         Total |  17558 |  16979 |    579 |    167 |  13826 |  14 | 1254.1 |
       Dungeon |  12995 |  12416 |    579 |    167 |  10382 |  11 | 1181.4 |
         Sewer |   1101 |   1101 |      0 |      0 |    793 |   1 | 1101.0 |
       Ossuary |   1047 |   1047 |      0 |      0 |    840 |   1 | 1047.0 |
        Bailey |   2414 |   2414 |      0 |      0 |   1810 |   1 | 2414.0 |
               +--------+--------+--------+--------+--------+-----+--------+

Top non-repeatable levels by time:
  Bailey: 2414 daAuts
     D:9: 1665 daAuts
    D:10: 1570 daAuts
     D:4: 1545 daAuts
     D:7: 1481 daAuts
     D:8: 1346 daAuts
     D:3: 1253 daAuts
     D:1: 1248 daAuts
     D:6: 1117 daAuts
   Sewer: 1101 daAuts
 Ossuary: 1047 daAuts
     D:2: 798 daAuts
     D:5: 622 daAuts
    D:11: 346 daAuts
